 Dungeon Crawl Stone Soup version 0.30.1-11-g7821555f0a (webtiles) character file.

Game seed: 10850954844268039268

18 Martska the Trooper (level 2, 0/24 HPs)
             Began as a Human Monk on Dec 4, 2023.
             Slain by a goblin
             ... wielding a +0 dagger
              (2 damage)
             ... on level 1 of the Dungeon.
             The game lasted 00:00:48 (363 turns).

Martska the Trooper (Human Monk)                     Turns: 363, Time: 00:00:49

Health: 0/24       AC:  2    Str: 11    XL:     2   Next: 85%
Magic:  2/2        EV: 13    Int: 10    God:
Gold:   13         SH:  0    Dex: 15    Spells: 1/1 levels left

rFire   . . .        f - +0 club
rCold   . . .        (no shield)
rNeg    . . .        a - +0 robe
rPois   .            (no helmet)
rElec   .            (no cloak)
rCorr   .            (no gloves)
SInv    .            (no boots)
Will    .....        (no amulet)
Stlth   ++           (no ring)
HPRegen 0.24/turn    (no ring)
MPRegen 0.08/turn

%: no passive effects
@: no status effects
A: no striking features
a: no special abilities


You were on level 1 of the Dungeon.
You visited 1 branch of the dungeon, and saw 1 of its levels.

You collected 13 gold pieces.

Inventory:

Hand Weapons
 d - a +0 dagger
 f - a +0 club (weapon)
Armour
 a - a +0 robe (worn)
 c - an orb of light
Potions
 b - a potion of ambrosia
 e - 2 potions of brilliance {unknown}


   Skills:
 * Level 3.2 Fighting
 * Level 3.2 Dodging
 * Level 1.0 Stealth
 * Level 3.2 Unarmed Combat


You had one spell level left.
You didn't know any spells.
Your spell library was empty.

Dungeon Overview and Level Annotations

Branches:
Dungeon (1/15)

Altars:


Message History

You hit the endoplasm.
The endoplasm is almost dead.
The kobold barely misses you. The endoplasm freezes you.
You are frozen.
The endoplasm barely misses you. The kobold closely misses you.
You hit the endoplasm.
You kill the endoplasm!
The goblin barely misses you. The kobold closely misses you.
Your Stealth skill increases to level 1!
You closely miss the kobold. The goblin hits you with a +0 dagger.
The kobold closely misses you.
You barely miss the kobold. The goblin hits you with a +0 dagger.
The kobold misses you.
You closely miss the kobold. The goblin hits you with a +0 dagger.
The kobold hits you with a +0 short sword. x2
The goblin misses you.
You hit the kobold.
The kobold is moderately wounded.
The goblin hits you but does no damage. The kobold hits you but does no damage.
You closely miss the kobold.
The kobold is moderately wounded.
The goblin hits you with a +0 dagger. The kobold completely misses you.
You are too injured to fight recklessly!
There are monsters nearby!
There are monsters nearby!
There are monsters nearby!
You are too injured to fight recklessly!
You miss the kobold. You punch the kobold.
You kill the kobold!
The goblin hits you with a +0 dagger. The goblin misses you.
The goblin closely misses you.
Things that are here:
a +0 short sword; a kobold corpse You closely miss the goblin.
The goblin hits you with a +0 dagger.
You miss the goblin. The goblin hits you with a +0 dagger.
* * * LOW HITPOINT WARNING * * *
You barely miss the goblin. The goblin hits you with a +0 dagger.
* * * LOW HITPOINT WARNING * * *
The goblin hits you with a +0 dagger.
You die...

#............##.###
#.##.###.######.# #
#.##..# #...#.#
####..#
###.#..###..
##.#............
........g.$.....
###....@###.....
#.........#...
#.##########.. #.
#. #


You could see a goblin.

Vanquished Creatures
  2 dart slugs (D:1)
  An endoplasm (D:1)
  3 goblins (D:1)
  A hobgoblin (D:1)
  2 kobolds (D:1)
  A quokka (D:1)
  2 ball pythons (D:1)
  A rat (D:1)
13 creatures vanquished.

Notes
Turn   | Place    | Note
-------+----------+-------------------------------------------
     0 | D:1      | Martska the Human Monk began the quest for the Orb.
     0 | D:1      | Reached XP level 1. HP: 18/18 MP: 1/1
   205 | D:1      | Reached XP level 2. HP: 20/24 MP: 2/2
   354 | D:1      | Reached skill level 1 in Stealth
   363 | D:1      | Slain by a goblin

Illustrated notes

Levels and vault maps discovered:
D:1:      roderic_crossed_star, layout_loops_corners

Skill      XL: |  1  2 |
---------------+-------+-----
Stealth        | 1 |  1.0
Fighting       | |  3.2
Dodging        | |  3.2
Unarmed Combat | |  3.2

Action                     || total
---------------------------++-------
  Melee: Dagger            ||    17
         Unarmed           ||     6
         Club              ||    51
         Punch             ||     5
   Stab: Sleeping          ||     1
 Armour: Robe              ||    10
  Dodge: Dodged            ||    61
